AoeStats
← Wolfie

Oasis

510110497Analyzed
4v4 RM · 4d ago on Sep 29, 2026· 40m 44s· 8 players
Game mode
Random Map
Map size
Large (8 player)
Population
200
Speed
Normal
Resources
Standard
Victory
Conquest
Starting age
Dark Age
Ending age
Imperial Age
RankedLock teamsTeams togetherTeam positionsShared explorationLock speedFull tech treeHidden civsTurbo modeCheats
Victory
Defeat
🇧🇷 Franks · Brazil
1100
+17
🇨🇳 Spanish · China
1096
+17
🇸🇪 Varangians · Sweden
1092
+17
🇹🇼 Bulgarians · Taiwan
1080
+17
🇹🇼 Maya · Taiwan
1158
-19
🇹🇼 Khmer · Taiwan
1123
-17
🇹🇼 Vietnamese · Taiwan
1102
-17
🇹🇼 Magyars · Taiwan
1070
-15
种田美眉
10:34 Feudal Age
15:00 Castle Age
12:48 Loom
14:10 Double-Bit Axe
16:15 Bow Saw
22:36 Scale Barding Armor
22:43 Forging
23:08 Husbandry
25:00 Chain Barding Armor
25:31 Town Watch
28:15 Wheelbarrow
30:21 Gold Mining
33:31 Imperial Age
34:10 Gold Shaft Mining
34:40 Iron Casting
33:58 Fletching
33:39 Cavalier
35:40 Conscription
38:21 Plate Barding Armor
38:47 Blast Furnace
37:39 Fletching
39:01 Blast Furnace
37:55 Fletching
39:16 Paladin
40:02 Bodkin Arrow
bimurock
5:01 Loom
11:12 Feudal Age
13:04 Wheelbarrow
12:18 Double-Bit Axe
13:13 Scale Mail Armor
13:21 Arson
20:48 Horse Collar
25:08 Castle Age
23:13 Gold Mining
23:27 Stone Mining
27:29 Squires
27:14 Gambesons
27:29 Fletching
27:50 Forging
28:17 Chain Mail Armor
28:30 Heavy Plow
28:45 Bow Saw
28:42 Bodkin Arrow
29:23 Iron Casting
31:04 Scale Barding Armor
32:42 Stirrups
33:49 Hand Cart
35:39 Gold Shaft Mining
39:13 Imperial Age
39:36 Stone Shaft Mining
40:29 Conscription
39:59 Pikeman
40:40 Town Watch
41:44 Plate Mail Armor
42:15 Blast Furnace
种田低手
11:08 Feudal Age
9:42 Loom
14:46 Castle Age
13:05 Horse Collar
13:33 Loom
14:57 Double-Bit Axe
15:44 Padded Archer Armor
20:48 Leather Archer Armor
24:03 Bloodlines
24:20 Husbandry
32:48 Gold Mining
34:36 Wheelbarrow
34:15 Bow Saw
34:09 Heavy Plow
41:58 Imperial Age
40:33 Hand Cart
40:04 Town Watch
40:19 Fletching
Wolfie
4:58 Loom
12:33 Feudal Age
16:18 Bloodlines
17:04 Scale Barding Armor
22:35 Double-Bit Axe
22:55 Horse Collar
27:19 Castle Age
25:32 Fletching
26:11 Stone Mining
26:13 Gold Mining
27:02 Forging
30:16 Squires
29:39 Elite Skirmisher
31:09 Pikeman
33:44 Scale Mail Armor
33:45 Padded Archer Armor
34:06 Bow Saw
38:19 Chain Mail Armor
39:38 Wheelbarrow
40:43 Stone Shaft Mining
40:17 Bodkin Arrow
DumboBean
8:00 Loom
10:28 Feudal Age
11:19 Double-Bit Axe
15:08 Fletching
16:18 Padded Archer Armor
17:24 Horse Collar
18:48 Stone Mining
18:52 Gold Mining
25:17 Wheelbarrow
27:30 Castle Age
28:17 Thumb Ring
27:33 Crossbowman
28:40 Bodkin Arrow
29:01 Leather Archer Armor
32:20 Ballistics
35:49 Heavy Plow
36:31 Bow Saw
se972130
3:07 Loom
11:14 Feudal Age
15:03 Castle Age
13:21 Double-Bit Axe
14:28 Bloodlines
14:19 Horse Collar
17:41 Town Watch
19:58 Scale Barding Armor
22:52 Husbandry
24:39 Forging
26:46 Wheelbarrow
28:30 Chain Barding Armor
29:36 Hand Cart
29:22 Town Patrol
30:29 Iron Casting
30:12 Light Cavalry
40:33 Heavy Plow
轉隊長就跳海
4:21 Loom
12:57 Feudal Age
17:34 Castle Age
19:48 Double-Bit Axe
21:42 Scale Barding Armor
24:41 Horse Collar
36:11 Imperial Age
36:13 Elite Magyar Huszar
37:22 Chain Barding Armor
38:59 Plate Barding Armor
39:44 Bloodlines
39:35 Husbandry
40:46 Conscription
清華校草
0:27 Loom
9:24 Feudal Age
10:05 Double-Bit Axe
10:38 Horse Collar
13:18 Fletching
16:44 Padded Archer Armor
24:26 Castle Age
24:29 Crossbowman
25:08 Bodkin Arrow
33:01 Ballistics
Connection lost

Rejoining the realm…

Still unreachable

The connection could not be restored.

Session expired

The server has moved on; the page needs a fresh start.